cohdb
Replays
Latest Replays
All Replays
Popular Replays
Top Player Replays
Match Explorer
How It Works
Community
CoH3 Stats
Reddit
Sign in to upload your games and track your stats! →
Sign in with Steam
Match 41852708
Unlisted
Match 41852708
Overview
Messages
Build Orders
End
Construct Weapon Support Center
Selects Heavy Weapons
Engineer Squad
M1919 Machine Gun Team
M1919 Machine Gun Team
M1919 Machine Gun Team
Engineer Squad
Construct Medical Station
Scout Squad
Mechanized Support Center
Selects M2HB .50cal Heavy Machine Gun
M3 Armored Personnel Carrier
M3 Armored Personnel Carrier
Engineer Squad
MillionBones
Zoe
crazyboy
mansonchan
[HAN]Diederick Kastner
K
宇杰
帝国の突撃隊
0
0
Comments
sign in to comment!
No comments posted yet!